 Dungeon Crawl Stone Soup version 0.32-a0-986-ga09f62fbf4 (webtiles) character file.

Game seed: 11160689504349234796

4289 elagabalus the Basher (level 10, -7/51 HPs)
             Began as a Vine Stalker Berserker on Apr 21, 2024.
             Was a Priest of Trog.
             Mangled by an orc knight
             ... wielding a +0 war axe
              (14 damage)
             ... in a bailey.
             The game lasted 00:23:47 (3243 turns).

elagabalus the Basher (Vine Stalker Berserker)      Turns: 3243, Time: 00:23:48

Health: -7/51      AC:  8    Str: 24    XL:     10   Next: 32%
Magic:  0/11       EV: 11    Int:  7    God:    Trog [***...]
Gold:   274        SH:  0    Dex: 14    Spells: 9/9 levels left

rFire   . . .        l - +4 whip (flame)
rCold   . . .        (no shield)
rNeg    . . .        w - +0 steam dragon scales
rPois   +            (no helmet)
rElec   .            p - +1 cloak {rPois}
rCorr   .            m - +0 pair of gloves
SInv    .            (no boots)
Will    +....        e - amulet of regeneration
Stlth   +            (no ring)
HPRegen 1.88/turn    (no ring)
MPRegen 0.12/turn

%: guardian spirit
@: about to teleport, on berserk cooldown, slowed, very slow
A: fangs 3, regeneration 1, magic shield, antimagic bite, no potion heal 2
a: Renounce Religion, Berserk, Trog's Hand


You were in a bailey.
You worshipped Trog.
Trog was most pleased with you.
You visited 1 branch of the dungeon, and saw 7 of its levels.
You also visited: Bailey.

You collected 274 gold pieces.

Inventory:

Hand Weapons
 a - a +1 hand axe of freezing
 i - the +3 long sword of Rotation {venom, rElec rCorr Int+3}
   (You found it on level 3 of the Dungeon)

   Int+3:     It affects your intelligence (+3).
   rElec:     It insulates you from electricity.
   rCorr:     It protects you from acid and corrosion.
 l - a +4 whip of flaming (weapon)
 o - a +3 quarterstaff of chaos
 x - a +0 orcbow
Armour
 h - a +3 chain mail of cold resistance
 m - a +0 pair of gloves (worn)
 p - a +1 cloak of poison resistance (worn)
 w - +0 steam dragon scales (worn)
Jewellery
 e - an amulet of regeneration (around neck)
 g - an amulet of faith
Wands
 r - a wand of light (10)
 u - a wand of roots (9)
Scrolls
 b - 2 scrolls of fog
 c - 2 scrolls of teleportation
 n - a scroll of noise
Potions
 d - a potion of lignification
 f - 4 potions of curing
 k - a potion of resistance {unknown}
 q - 2 potions of mutation
 s - a potion of attraction {unknown}
 t - a potion of might {unknown}
 z - 3 potions of haste {unknown}
 A - 2 potions of experience
 B - 2 potions of invisibility {unknown}


   Skills:
 * Level 5.5 Fighting
 - Level 4.5(9.0) Axes
 - Level 11.9(12.3) Maces & Flails
 - Level 1.5 Armour
 - Level 1.5 Dodging


You had 9 spell levels left.
You didn't know any spells.
Your spell library was empty.

Dungeon Overview and Level Annotations

Branches:
Dungeon (8/15)             Bailey (1/1)
 Temple: D:4-7         Lair: D:8-11

Altars:
Sif Muna


Innate Abilities, Weirdness & Mutations

You have razor-sharp teeth.
Your natural rate of healing is unusually fast.
When hurt, damage is shared between your health and your magic reserves.
Your bite disrupts and absorbs the magic of your enemies.
Potions cannot restore your health.


Message History

You kill the orc warlord!
Trog accepts your kill.
Your Fighting skill gained 2 levels and is now at level 5!
The hobgoblin barely misses you. The orc hits you but does no damage.
The goblin hits you but does no damage.
The orc knight hits you with a +0 war axe!!
Things that are here:
a +5 broad axe; a +0 chain mail; an orc corpse You whack the orc knight!
You burn the orc knight. You bite the orc knight! You drain its power.
You feel invigorated.
The orc knight is moderately wounded.
The hobgoblin barely misses you. The orc hits you with a +0 hand axe.
The goblin hits you but does no damage.
The orc knight hits you with a +0 war axe!!
* * * LOW HITPOINT WARNING * * *
You hit the orc knight. You burn the orc knight.
Your bite misses the orc knight.
The orc knight is heavily wounded.
You closely miss the orc knight.
The orc knight is heavily wounded.
You hit the orc knight. You burn the orc knight. You bite the orc knight.
You drain its power.
You feel invigorated.
The orc knight is heavily wounded.
The hobgoblin misses you. The orc hits you with a +0 hand axe.
* * * LOW HITPOINT WARNING * * *
The goblin misses you.
The orc knight hits you with a +0 war axe!!
* * * LOW HITPOINT WARNING * * *
You are too berserk!
You are too berserk!
Found 94 gold pieces, a knobbly runed staff and an amulet of faith.
Found a potion of experience and 56 gold pieces.
You feel a strong urge to attack something.
You are no longer berserk.
You are exhausted.
You feel yourself slow down.
As you read the scroll of teleportation, it crumbles to dust.
You feel strangely unstable. The goblin misses you.
The orc knight hits you with a +0 war axe!
You die...

#...........#...........#
#...).......#...........#
###.........###.......))###
###.#[#.....###.###.....#)#.###
###...[[###.###.....###.###.....#
#!.....[[.###........"###...)....
..........ß##........$$#....)....
..........ß#...g.....$$#.........
∩....⌠.....')).g@....$!#.....⌠...
..........ß#.o.o.....$$#.........
!.........ß##........$$#.........
#.........###........|###........
###.....###.###.....###.###.....#
###.#[#.....###.###.....#+#.###
###[[.......###.........##
#.[[........#...........#
#...........#...........#


You could see an orc knight (strong), an orc (strong), a hobgoblin and a goblin.

Vanquished Creatures
  An orc warlord (Bailey)
  Pikel (D:5)
  An orc knight (Bailey)
  A wyvern (D:8)
  A steam dragon (D:8)
  11 orc warriors (Bailey)
  A black bear (D:5)
  An ice beast (D:5)
  2 ogres
  A centaur (D:8)
  A lemure (D:5)
  A phantom (D:5)
  3 bullfrogs
  A jelly (D:5)
  2 howler monkeys
  4 hounds
  Crazy Yiuf (D:4)
  3 orc priests
  2 orc wizards
  A sleepcap (D:5)
  2 adders
  7 gnolls
  A white imp (D:5)
  2 ufetubi (D:5)
  2 ribbon worms
  18 orcs
  5 ball pythons
  7 endoplasms
  3 giant cockroaches
  9 hobgoblins
  4 jackals (D:5)
  7 kobolds
  2 quokkas
  5 bats
  4 frilled lizards
  14 goblins
  2 rats (D:1)
134 creatures vanquished.

Notes
Turn   | Place    | Note
-------+----------+-------------------------------------------
     0 | D:1      | elagabalus the Vine Stalker Berserker began the quest for
                  | the Orb.
     0 | D:1      | Reached XP level 1. HP: 11/11 MP: 2/2
   120 | D:1      | Reached XP level 2. HP: 16/16 MP: 3/3
   705 | D:2      | Reached XP level 3. HP: 19/19 MP: 4/4
   779 | D:2      | Found a shimmering blue altar of Sif Muna.
  1111 | D:3      | Reached XP level 4. HP: 23/23 MP: 5/5
  1181 | D:3      | Reached ** piety under Trog
  1220 | D:3      | Reached skill level 1 in Maces & Flails
  1242 | D:3      | Identified the +3 long sword of Rotation {venom, rElec
                  | rCorr Int+3}
  1539 | D:4      | Noticed an ogre
  1553 | D:4      | Reached skill level 2 in Maces & Flails
  1553 | D:4      | Reached XP level 5. HP: 27/27 MP: 6/6
  1553 | D:4      | Killed an ogre
  1554 | D:4      | Reached skill level 3 in Maces & Flails
  1557 | D:4      | Reached XP level 6. HP: 32/32 MP: 4/7
  1578 | D:4      | Reached skill level 4 in Maces & Flails
  1765 | D:4      | Found a runed translucent door.
  1766 | D:4      | Noticed Crazy Yiuf
  1772 | D:4      | Killed Crazy Yiuf
  2078 | D:5      | Entered Level 5 of the Dungeon
  2159 | D:5      | Noticed an ice beast
  2163 | D:5      | Killed an ice beast
  2164 | D:5      | Reached skill level 5 in Maces & Flails
  2164 | D:5      | Reached XP level 7. HP: 35/35 MP: 8/8
  2215 | D:5      | Reached skill level 6 in Maces & Flails
  2226 | D:5      | Noticed Pikel
  2236 | D:5      | Killed Pikel
  2237 | D:5      | Reached skill level 7 in Maces & Flails
  2237 | D:5      | Gained mutation: You have razor-sharp teeth. [Vine Stalker
                  | growth]
  2237 | D:5      | Reached XP level 8. HP: 39/39 MP: 9/9
  2366 | D:5      | Reached skill level 8 in Maces & Flails
  2703 | D:6      | Reached *** piety under Trog
  2704 | D:6      | Reached skill level 9 in Maces & Flails
  2713 | D:6      | You fall into a shaft and drop 2 floors!
  2909 | D:8      | Found a flagged portal.
  2920 | D:8      | Reached XP level 9. HP: 33/43 MP: 10/10
  2952 | D:8      | Reached skill level 10 in Maces & Flails
  2963 | Bailey   | Entered a bailey
  3062 | Bailey   | Noticed an orc knight
  3077 | Bailey   | Killed an orc knight
  3078 | Bailey   | Reached skill level 11 in Maces & Flails
  3129 | Bailey   | Reached XP level 10. HP: 47/47 MP: 11/11
  3217 | Bailey   | Noticed an orc warlord
  3218 | Bailey   | Noticed an orc knight
  3234 | Bailey   | Killed an orc warlord
  3235 | Bailey   | Reached skill level 5 in Fighting
  3239 | Bailey   | HP: 2/76 [orc knight/+0 war axe (16)]
  3243 | Bailey   | Mangled by an orc knight

Illustrated notes

Levels and vault maps discovered:
D:1:      elethiomel_arrival_shortcut, layout_basic, feat_on_display
D:2:      layout_rooms, basic_altar
D:3:      layout_rooms
D:4:      layout_basic, chequers_serial_rivers_micro_c, uniq_crazy_yiuf_cottage
D:5:      layout_basic, serial_curves, eino_curves_03, eino_curves_04,
          uniq_blork_the_orc, uniq_pikel
D:6:      layout_basic, minitemple, led_sif_pool, uniq_jeremiah, uniq_sigmund
D:8:      layout_basic, enter_bailey_6, minmay_liquid_box,
          kennysheep_generic_room_12
Bailey:   bailey_axe_minmay_hex_keep, bailey

Skill      XL: |  1  2  3  4  5  6  7  8  9 10 |
---------------+-------------------------------+-----
Axes           | 3 4 |  4.5
Maces & Flails | 2 3 5 7 9 11 | 11.9
Fighting       | 5 |  5.5
Armour         | |  1.5
Dodging        | |  1.5

Action                     |  1- 3 |  4- 6 |  7- 9 | 10-12 || total
---------------------------+-------+-------+-------+-------++-------
  Melee: Hand axe          |    74 |     2 |       |       ||    76
         Bite              |    10 |    19 |    61 |    14 ||   104
         Whip              |       |    91 |   174 |    32 ||   297
 Invoke: Berserk           |     4 |     4 |     5 |     2 ||    15
    Use: Scroll            |     5 |     9 |     2 |     4 ||    20
   Stab: Sleeping          |     1 |       |       |       ||     1
 Armour: Animal skin       |     8 |       |       |       ||     8
         Chain mail        |    48 |    80 |   106 |       ||   234
         Steam dragon scal |       |       |       |    29 ||    29
  Dodge: Dodged            |    44 |    36 |    56 |    22 ||   158

Table legend: (Time is in decaauts)
 A = Elapsed time spent in this place.
 B = Non-inter-level travel time spent in this place.
 C = Inter-level travel time spent in this place.
 D = Time resting spent in this place.
 E = Time spent auto-exploring this place.
 F = Levels seen in this place.
 G = Mean time per level.
                   A        B        C        D        E       F      G
               +--------+--------+--------+--------+--------+-----+--------+
         Total |   3274 |   3274 |      0 |      0 |      0 |   8 |  409.2 |
       Dungeon |   3018 |   3018 |      0 |      0 |      0 |   7 |  431.1 |
        Bailey |    256 |    256 |      0 |      0 |      0 |   1 |  256.0 |
               +--------+--------+--------+--------+--------+-----+--------+

Top non-repeatable levels by time:
     D:1: 720 daAuts
     D:4: 591 daAuts
     D:5: 565 daAuts
     D:3: 446 daAuts
     D:2: 415 daAuts
  Bailey: 256 daAuts
     D:8: 239 daAuts
     D:6: 38 daAuts
